MID
SOUTH BEND CUBS @ FORT WAYNE TINCAPS
07/12/2044
 
TOP OF THE 1ST
South Bend Cubs batting - Pitching for Fort Wayne TinCaps : LHP Blaine Whitmore
Pitching: LHP Blaine Whitmore
Batting: RHB Jason Ostrom 0-0: Fly out, F7 (Flyball, 7S, EV 83.1 MPH)
Batting: RHB Mike Savage 0-0: Foul Ball, location: 2F
0-1: Ball
1-1: Foul Ball, location: 2F
1-2: Strikes out looking
Batting: LHB Shuan-yan Wu 0-0: Swinging Strike
0-1: Called Strike
0-2: Strikes out swinging
Top of the 1st over - 0 runs, 0 hits, 0 errors, 0 left on base; South Bend 0 - Fort Wayne 0
BOTTOM OF THE 1ST
Fort Wayne TinCaps batting - Pitching for South Bend Cubs : LHP Jose Carrillo
Pitching: LHP Jose Carrillo
Batting: SHB Adam Martin 0-0: Called Strike
0-1: Ball
1-1: Ball
2-1: Fly out, F7 (Flyball, 78M, EV 79.4 MPH)
Batting: RHB Juan Martinez 0-0: Ball
1-0: Fly out, F9 (Line Drive, 9D, EV 83.1 MPH)
Batting: SHB Josh Parker 0-0: Called Strike
0-1: Ball
1-1: Ball
2-1: Called Strike
2-2: Ball
3-2: Ground out 6-3 (Groundball, 6, EV 101.3 MPH)
Bottom of the 1st over - 0 runs, 0 hits, 0 errors, 0 left on base; South Bend 0 - Fort Wayne 0
TOP OF THE 2ND
South Bend Cubs batting - Pitching for Fort Wayne TinCaps : LHP Blaine Whitmore
Batting: SHB Benoît Morin 0-0: Ball
1-0: Called Strike
1-1: Ball
2-1: Swinging Strike
2-2: Foul Ball, location: 2F
2-2: Strikes out looking
Batting: LHB Andy Bordeaux 0-0: Ball
1-0: Called Strike
1-1: Swinging Strike
1-2: Strikes out looking
Batting: LHB Jim Polson 0-0: Called Strike
0-1: Called Strike
0-2: Strikes out looking
Top of the 2nd over - 0 runs, 0 hits, 0 errors, 0 left on base; South Bend 0 - Fort Wayne 0
BOTTOM OF THE 2ND
Fort Wayne TinCaps batting - Pitching for South Bend Cubs : LHP Jose Carrillo
Batting: RHB Davey Verhoog 0-0: Swinging Strike
0-1: Called Strike
0-2: Ball
1-2: Fly out, F8 (Flyball, 8RM, EV 87.5 MPH)
Batting: LHB Angel Mejia 0-0: Ball
1-0: Called Strike
1-1: Ball
2-1: Ball
3-1: Foul Ball, location: 2F
3-2: Foul Ball, location: 2F
3-2: Strikes out swinging
Pitching: RHP Eric Allen
Batting: RHB Mike Maserang 0-0: Ground out 4-3 (Groundball, 4, EV 90.6 MPH)
Bottom of the 2nd over - 0 runs, 0 hits, 0 errors, 0 left on base; South Bend 0 - Fort Wayne 0
TOP OF THE 3RD
South Bend Cubs batting - Pitching for Fort Wayne TinCaps : LHP Blaine Whitmore
Batting: RHB Omar Novoa 0-0: Called Strike
0-1: Ground out 6-3 (Groundball, 6, EV 88.8 MPH)
Batting: RHB John Madden 0-0: Ball
1-0: Foul Ball, location: 2F
1-1: SINGLE (Groundball, 56D, EV 100.6 MPH)
Batting: SHB Alvaro Andrade 0-0: Ball
1-0: Grounds into double play, 5-4-3 (Groundball, 5, EV 99.4 MPH)
Top of the 3rd over - 0 runs, 1 hit, 0 errors, 0 left on base; South Bend 0 - Fort Wayne 0
BOTTOM OF THE 3RD
Fort Wayne TinCaps batting - Pitching for South Bend Cubs : RHP Eric Allen
Batting: RHB Rich Justice 0-0: Ground out 6-3 (Groundball, 6S, EV 85.0 MPH)
Batting: LHB Mike Schermerhorn 0-0: Swinging Strike
0-1: Called Strike
0-2: Ball
1-2: Foul Ball, location: 2F
1-2: Strikes out swinging
Batting: LHB James Sousa 0-0: Called Strike
0-1: Ball
1-1: Ball
2-1: Foul Ball, location: 2F
2-2: Ball
3-2: Base on Balls
Batting: SHB Adam Martin 0-0: Ball
1-0: Ball
2-0: Called Strike
2-1: SINGLE (Line Drive, 89S, EV 103.1 MPH)
James Sousa to second
Runner from 2nd tries for 3rd, SAFE, throw by RF made to third
Batting: RHB Juan Martinez 0-0: Called Strike
0-1: Ground out 6-3 (Groundball, 6S, EV 70.6 MPH)
Bottom of the 3rd over - 0 runs, 1 hit, 0 errors, 2 left on base; South Bend 0 - Fort Wayne 0
TOP OF THE 4TH
South Bend Cubs batting - Pitching for Fort Wayne TinCaps : LHP Blaine Whitmore
Batting: RHB Jason Ostrom 0-0: Ball
1-0: Ball
2-0: Swinging Strike
2-1: Swinging Strike
2-2: Strikes out swinging
Batting: RHB Mike Savage 0-0: Ball
1-0: Ground out 6-3 (Groundball, 6, EV 85.0 MPH)
Batting: LHB Shuan-yan Wu 0-0: Ball
1-0: Ground out 6-3 (Groundball, 6, EV 83.8 MPH)
Top of the 4th over - 0 runs, 0 hits, 0 errors, 0 left on base; South Bend 0 - Fort Wayne 0
BOTTOM OF THE 4TH
Fort Wayne TinCaps batting - Pitching for South Bend Cubs : RHP Eric Allen
Pitching: RHP Jean-Paul Lefebvre
Batting: SHB Josh Parker 0-0: Called Strike
0-1: Ball
1-1: Ball
2-1: Ball
3-1: Foul Ball, location: 2F
3-2: Foul Ball, location: 2F
3-2: Foul Ball, location: 2F
3-2: SINGLE (Line Drive, 3D, EV 96.9 MPH)
Batting: RHB Davey Verhoog 0-0: Ball
1-0: Ball
2-0: Ball
3-0: Called Strike
3-1: Foul Ball, location: 2F
3-2: Base on Balls
Josh Parker to second
Batting: LHB Angel Mejia 0-0: Called Strike
0-1: TRIPLE (Flyball, 9LD, EV 99.4 MPH)
Josh Parker scores
Davey Verhoog scores
Batting: RHB Mike Maserang 0-0: Ball
1-0: Ball
2-0: Called Strike
2-1: Ball
3-1: Base on Balls
Pitching: RHP Daniel Sullivan
Batting: RHB Rich Justice 0-0: Ball
1-0: Ball
2-0: Called Strike
2-1: Foul Ball, location: 2F
2-2: Ball
3-2: Strikes out swinging
Batting: LHB Mike Schermerhorn 0-0: Ball
1-0: Ball
2-0: Ball
3-0: Called Strike
3-1: Base on Balls
Mike Maserang to second
Batting: LHB James Sousa 0-0: Ball
1-0: Grounds into double play, 4-6-3 (Groundball, 4D, EV 100.6 MPH)
Bottom of the 4th over - 2 runs, 2 hits, 0 errors, 2 left on base; South Bend 0 - Fort Wayne 2
TOP OF THE 5TH
South Bend Cubs batting - Pitching for Fort Wayne TinCaps : LHP Blaine Whitmore
Batting: SHB Benoît Morin 0-0: Foul Ball, location: 2F
0-1: Foul Ball, location: 2F
0-2: Ball
1-2: Ball
2-2: Foul Ball, location: 2F
2-2: Ball
3-2: Strikes out swinging
Batting: LHB Andy Bordeaux 0-0: Ball
1-0: Ball
2-0: Foul Ball, location: 2F
2-1: Foul Ball, location: 2F
2-2: Foul Ball, location: 2F
2-2: Foul Ball, location: 2F
2-2: Ball
3-2: Foul Ball, location: 2F
3-2: Foul Ball, location: 2F
3-2: Strikes out swinging
Batting: LHB Jim Polson 0-0: Ground out 6-3 (Groundball, 6, EV 80.0 MPH)
Top of the 5th over - 0 runs, 0 hits, 0 errors, 0 left on base; South Bend 0 - Fort Wayne 2
BOTTOM OF THE 5TH
Fort Wayne TinCaps batting - Pitching for South Bend Cubs : RHP Daniel Sullivan
Batting: SHB Adam Martin 0-0: Ball
1-0: SINGLE (Groundball, 4MD, EV 98.8 MPH)
Batting: RHB Juan Martinez 0-0: Foul Ball, location: 2F
0-1: 2-RUN HOME RUN (Flyball, 78XD, EV 97.5 MPH), Distance : 390 ft
Batting: SHB Josh Parker 0-0: Ball
1-0: Ball
2-0: Called Strike
2-1: Ground out 4-3 (Groundball, 4M, EV 83.8 MPH)
Pitching: RHP Jason Scott
Batting: RHB Davey Verhoog 0-0: Foul Ball, location: 2F
0-1: Ball
1-1: Ball
2-1: Foul Ball, location: 2F
2-2: Foul Ball, location: 2F
2-2: Ball
3-2: Foul Ball, location: 2F
3-2: Base on Balls
Batting: LHB Angel Mejia 0-0: Ball
Davey Verhoog steals 2nd base
1-0: Ball
2-0: Ball
3-0: Base on Balls
Batting: RHB Mike Maserang 0-0: Called Strike
Davey Verhoog steals 3rd base
Angel Mejia to second
0-1: Swinging Strike
0-2: Foul Ball, location: 2F
0-2: Foul Ball, location: 2F
0-2: Ball
1-2: Ball
2-2: Ball
3-2: Foul Ball, location: 2F
3-2: Base on Balls
Pitching: LHP Andres Lobato
Batting: RHB Rich Justice 0-0: Called Strike
0-1: Ball
1-1: Ball
Wild Pitch!
Davey Verhoog scores
Angel Mejia to third
Mike Maserang to second
2-1: Fly out, F4 (Flyball, 34D, EV 95.0 MPH)
Batting: LHB Mike Schermerhorn 0-0: Called Strike
0-1: Ball
1-1: Ball
2-1: SINGLE (Line Drive, 89S, EV 108.1 MPH)
Angel Mejia scores
Mike Maserang to third
Batting: LHB James Sousa 0-0: Called Strike
0-1: Ball
1-1: Foul Ball, location: 2F
1-2: Reached on error, E9 (Flyball, 89M, EV 93.1 MPH)
Mike Maserang scores
Mike Schermerhorn to third
Batting: SHB Adam Martin 0-0: Ball
1-0: Ball
2-0: Ball
3-0: Called Strike
3-1: Foul Ball, location: 2F
3-2: SINGLE (Groundball, 6MS, EV 71.3 MPH) (infield hit)
Mike Schermerhorn scores
James Sousa to third
Batting: RHB Juan Martinez 0-0: Ball
1-0: Foul Ball, location: 2F
1-1: Fly out, F3 (Popup, 34S, EV 78.8 MPH)
Bottom of the 5th over - 6 runs, 4 hits, 1 error, 2 left on base; South Bend 0 - Fort Wayne 8
TOP OF THE 6TH
South Bend Cubs batting - Pitching for Fort Wayne TinCaps : LHP Blaine Whitmore
Batting: RHB Omar Novoa 0-0: Single, Error in OF, E8, batter to second base (Groundball, 6MD, EV 98.8 MPH)
Batting: RHB John Madden 0-0: Ground out 6-3 (Groundball, 6, EV 86.9 MPH)
Omar Novoa to third
Batting: SHB Alvaro Andrade 0-0: Swinging Strike
0-1: Swinging Strike
0-2: Ball
1-2: Strikes out swinging
Batting: RHB Jason Ostrom 0-0: Swinging Strike
0-1: Foul Ball, location: 2F
0-2: Ball
1-2: Foul Ball, location: 2F
1-2: Ball
2-2: Foul Ball, location: 2F
2-2: Strikes out looking
Top of the 6th over - 0 runs, 1 hit, 1 error, 1 left on base; South Bend 0 - Fort Wayne 8
BOTTOM OF THE 6TH
Fort Wayne TinCaps batting - Pitching for South Bend Cubs : LHP Andres Lobato
Batting: SHB Josh Parker 0-0: Ball
1-0: Ball
2-0: Called Strike
2-1: Ball
3-1: Base on Balls
Batting: RHB Davey Verhoog 0-0: Ball
1-0: Ball
2-0: Foul Ball, location: 2F
2-1: Foul Ball, location: 2F
2-2: Ball
3-2: Foul Ball, location: 2F
3-2: Foul Ball, location: 2F
3-2: Base on Balls
Josh Parker to second
Batting: LHB Angel Mejia 0-0: Called Strike
0-1: Foul Ball, location: 2F
0-2: SINGLE (Flyball, 4D, EV 87.5 MPH)
Josh Parker to third
Davey Verhoog to second
Batting: RHB Mike Maserang 0-0: Ball
1-0: Foul Ball, location: 2F
1-1: SINGLE (Line Drive, 6D, EV 98.1 MPH)
Josh Parker scores
Davey Verhoog to third
Angel Mejia to second
Batting: RHB Rich Justice 0-0: Ball
1-0: Called Strike
1-1: Fielders Choice at 2nd, 3-6 (Groundball, 34S, EV 88.8 MPH)
Davey Verhoog scores
Angel Mejia to third
Pitching: LHP Bill Tardiff
Batting: LHB Mike Schermerhorn 0-0: Ball
1-0: Ball
Wild Pitch!
Angel Mejia scores
Rich Justice to second
2-0: Called Strike
2-1: Ball
3-1: Base on Balls
Batting: LHB James Sousa 0-0: Called Strike
0-1: Foul Ball, location: 2F
0-2: Fielders Choice at 2nd, 4-6 (Groundball, 4, EV 90.6 MPH)
Rich Justice to third
Batting: SHB Adam Martin 0-0: Ball
1-0: Ball
2-0: Ball
3-0: Base on Balls
James Sousa to second
Batting: RHB Juan Martinez 0-0: Ball
1-0: GRAND SLAM HOME RUN (Line Drive, 7LD, EV 95.6 MPH), Distance : 332 ft
Batting: SHB Josh Parker 0-0: Called Strike
0-1: SINGLE (Groundball, 6D, EV 95.0 MPH)
Batting: RHB Davey Verhoog 0-0: Ball
Wild Pitch!
Josh Parker to second
1-0: Called Strike
1-1: Foul Ball, location: 2F
1-2: Strikes out swinging
Bottom of the 6th over - 7 runs, 4 hits, 0 errors, 1 left on base; South Bend 0 - Fort Wayne 15
TOP OF THE 7TH
South Bend Cubs batting - Pitching for Fort Wayne TinCaps : LHP Blaine Whitmore
Batting: RHB Mike Savage 0-0: Ground out 4-3 (Groundball, 4S, EV 71.9 MPH)
Batting: LHB Shuan-yan Wu 0-0: Ball
1-0: Called Strike
1-1: Swinging Strike
1-2: Ball
2-2: Foul Ball, location: 2F
2-2: Ball
3-2: Foul Ball, location: 2F
3-2: Base on Balls
Batting: SHB Benoît Morin 0-0: Ball
1-0: Ball
2-0: Called Strike
2-1: Ball
3-1: Foul Ball, location: 2F
3-2: Fielders Choice at 2nd, 3-6 (Groundball, 34S, EV 86.3 MPH)
Batting: LHB Andy Bordeaux 0-0: Called Strike
Benoît Morin steals 2nd base (no throw)
0-1: Called Strike
0-2: Strikes out swinging
Top of the 7th over - 0 runs, 0 hits, 0 errors, 1 left on base; South Bend 0 - Fort Wayne 15
BOTTOM OF THE 7TH
Fort Wayne TinCaps batting - Pitching for South Bend Cubs : LHP Bill Tardiff
Pitching: LHP Mike DiNardo
Batting: LHB Angel Mejia 0-0: Foul Ball, location: 2F
0-1: Foul Ball, location: 2F
0-2: Fly out, F6 (Flyball, 6D, EV 73.8 MPH)
Batting: RHB Mike Maserang 0-0: Foul Ball, location: 2F
0-1: Ball
1-1: Ball
2-1: Ball
3-1: Foul Ball, location: 2F
3-2: Foul Ball, location: 2F
3-2: Base on Balls
Batting: RHB Rich Justice 0-0: Ball
1-0: Ball
2-0: Ball
3-0: Base on Balls
Mike Maserang to second
Batting: LHB Mike Schermerhorn 0-0: Foul Ball, location: 2F
0-1: Ball
1-1: Fielders Choice at 2nd, 3-6 (Groundball, 3, EV 88.1 MPH)
Mike Maserang to third
Batting: LHB James Sousa 0-0: Ball
1-0: Ball
2-0: Called Strike
2-1: Ball
3-1: Base on Balls
Mike Schermerhorn to second
Batting: SHB Adam Martin 0-0: Foul Ball, location: 2F
0-1: Ball
1-1: Ball
2-1: Swinging Strike
2-2: Ball
3-2: Base on Balls
Mike Maserang scores
Mike Schermerhorn to third
James Sousa to second
Batting: RHB Juan Martinez 0-0: Ball
1-0: Ball
2-0: Ball
Passed Ball!
Mike Schermerhorn scores
James Sousa to third
Adam Martin to second
3-0: Called Strike
3-1: Fly out, F7 (Flyball, BS1, EV 115.0 MPH)
Bottom of the 7th over - 2 runs, 0 hits, 0 errors, 2 left on base; South Bend 0 - Fort Wayne 17
TOP OF THE 8TH
South Bend Cubs batting - Pitching for Fort Wayne TinCaps : LHP Blaine Whitmore
Pitching: RHP Roman Baines
Batting: LHB Jim Polson 0-0: Called Strike
0-1: Ball
1-1: SINGLE (Groundball, 6D, EV 96.3 MPH)
Batting: RHB Omar Novoa 0-0: Swinging Strike
0-1: Ball
1-1: Ball
2-1: Fielders Choice at 2nd, 6-4 (Groundball, 6, EV 90.6 MPH)
Batting: RHB John Madden 0-0: Ball
1-0: Ground out 5-3 (Groundball, 56S, EV 61.9 MPH)
Omar Novoa to second
Batting: SHB Alvaro Andrade 0-0: Ball
1-0: Called Strike
1-1: Foul Ball, location: 2F
1-2: Ball
2-2: Ball
3-2: Strikes out looking
Top of the 8th over - 0 runs, 1 hit, 0 errors, 1 left on base; South Bend 0 - Fort Wayne 17
BOTTOM OF THE 8TH
Fort Wayne TinCaps batting - Pitching for South Bend Cubs : LHP Mike DiNardo
Batting: SHB Josh Parker 0-0: Ball
1-0: Ground out 6-3 (Groundball, 6, EV 109.4 MPH)
Pinch Hitting: RHB Nelson Trujillo 0-0: Ball
1-0: Ball
2-0: Ball
3-0: Called Strike
3-1: Base on Balls
Batting: LHB Angel Mejia 0-0: Swinging Strike
0-1: Ball
1-1: Fly out, F8 (Flyball, 78D, EV 88.8 MPH)
Batting: RHB Mike Maserang 0-0: Ball
1-0: Ball
2-0: Ball
3-0: Called Strike
3-1: Base on Balls
Nelson Trujillo to second
Batting: RHB Rich Justice 0-0: Foul Ball, location: 2F
0-1: Swinging Strike
0-2: Foul Ball, location: 2F
0-2: Ball
1-2: Foul Ball, location: 2F
1-2: Ball
2-2: Reached on error, E6 (Groundball, 56, EV 82.5 MPH)
Nelson Trujillo to third
Mike Maserang to second
Batting: LHB Mike Schermerhorn 0-0: Ball
1-0: SINGLE (Groundball, 4M, EV 108.1 MPH) (infield hit)
Nelson Trujillo scores
Mike Maserang to third
Rich Justice to second
Batting: LHB James Sousa 0-0: Called Strike
0-1: Swinging Strike
0-2: Foul Ball, location: 2F
0-2: Ball
1-2: GRAND SLAM HOME RUN (Flyball, 9LD, EV 91.3 MPH), Distance : 335 ft
Batting: SHB Adam Martin 0-0: Called Strike
0-1: Foul Ball, location: 2F
0-2: Foul Ball, location: 2F
0-2: Ball
1-2: Ball
2-2: Strikes out looking
Bottom of the 8th over - 5 runs, 2 hits, 1 error, 0 left on base; South Bend 0 - Fort Wayne 22
TOP OF THE 9TH
South Bend Cubs batting - Pitching for Fort Wayne TinCaps : RHP Roman Baines
Now in LF: Nelson Trujillo
Batting: RHB Jason Ostrom 0-0: Ball
1-0: Called Strike
1-1: Ball
2-1: Ball
3-1: Base on Balls
Batting: RHB Mike Savage 0-0: Swinging Strike
0-1: SINGLE (Line Drive, 89S, EV 98.1 MPH)
Jason Ostrom to second
Batting: LHB Shuan-yan Wu 0-0: Called Strike
0-1: Called Strike
0-2: Ball
1-2: Ball
2-2: Ball
3-2: Fly out, F8 (Flyball, 8LM, EV 70.6 MPH)
Pitching: RHP Travis White
Batting: SHB Benoît Morin 0-0: Foul Ball, location: 2F
0-1: Ball
1-1: Ball
2-1: Ball
3-1: Swinging Strike
3-2: Fly out, F7 (Flyball, 78S, EV 93.1 MPH)
Batting: LHB Andy Bordeaux 0-0: Called Strike
0-1: Called Strike
0-2: Ball
1-2: Ball
2-2: Strikes out looking
Top of the 9th over - 0 runs, 1 hit, 0 errors, 2 left on base; South Bend 0 - Fort Wayne 22
Thursday, March 31st , 2022 - OOTP Baseball 22.12 Build 89